 Dungeon Crawl Stone Soup version 0.23-a0-395-gcf17ac6 (webtiles) character file.

35 Azzok the Firebug (level 3, 23/24 HPs)
             Began as a Demonspawn Fire Elementalist on Nov 1, 2018.
             Quit the game on level 2 of the Dungeon.
             The game lasted 00:01:04 (961 turns).

Azzok the Firebug (Demonspawn Fire Elementalist)     Turns: 961, Time: 00:01:04

Health: 23/24      AC:  3    Str:  8    XL:     3   Next: 17%
Magic:  3/6        EV: 12    Int: 17    God:
Gold:   18         SH:  0    Dex: 13    Spells: 5/6 levels left

rFire    . . .     SeeInvis .   e - +0 spear
rCold    + . .     Gourm    .   (no shield)
rNeg     . . .     Faith    .   a - +0 robe
rPois    .         Spirit   .   (no helmet)
rElec    .         Reflect  .   d - +0 cloak
rCorr    .         Harm     .   (no gloves)
MR       .....                  (no boots)
Stlth    ++........             (no amulet)
HPRegen  0.08/turn              (no ring)
MPRegen  0.10/turn              (no ring)

@: no status effects
A: talons 1, cold resistance 1
a: no special abilities


You were on level 2 of the Dungeon.
You were hungry.

You visited 1 branch of the dungeon, and saw 2 of its levels.

You collected 18 gold pieces.

Inventory:

Hand Weapons
 e - a +0 spear (weapon)
Armour
 a - a +0 robe (worn)
 d - a +0 cloak (worn)
Scrolls
 b - a scroll of identify {unknown}
 f - a scroll of amnesia {unknown}
 h - a scroll of blinking {unknown}
Potions
 i - a potion of curing {unknown}
Comestibles
 c - 2 rations
 g - 2 chunks of flesh


   Skills:
 - Level 1.7 Dodging
 - Level 1.7 Stealth
 - Level 2.0 Spellcasting
 + Level 2.3 Conjurations
 + Level 3.3 Fire Magic


You had 5 spell levels left.
You knew the following spells:

 Your Spells              Type           Power        Failure   Level  Hunger
a - Flame Tongue          Conj/Fire      ##...        6%          1    #......

Your spell library contained the following spells:

 Spells                   Type           Power        Failure   Level  Hunger
 Throw Flame              Conj/Fire      ##....       9%          2    ###....
 Conjure Flame            Conj/Fire      ##......     19%         3    ###....
 Inner Flame              Hex/Fire       #.......     28%         3    ###....
 Sticky Flame             Conj/Fire      ##......     52%         4    #####..
 Fireball                 Conj/Fire      ##........   86%         5    ######.


Dungeon Overview and Level Annotations

Branches:
Dungeon (1/15)

Altars:


Innate Abilities, Weirdness & Mutations

You have sharp toenails.
Your flesh is cold resistant. (rC+)


Message History

Aiming: Flame Tongue (safe; 7% risk of failure)
Press: ? - help, Shift-Dir - straight line, f - adder
Aim: an adder The flame tongue hits the adder.
The adder is severely wounded.
You are feeling hungry.
The adder bites you.
Casting: Flame Tongue (safe; 7% risk of failure)
Confirm with . or Enter, or press ? or * to list all spells.
Aiming: Flame Tongue (safe; 7% risk of failure)
Press: ? - help, Shift-Dir - straight line, f/p - adder
Aim: an adder (severely wounded)
The flame tongue hits the adder.
You kill the adder!
You have reached level 3!
Your experience leads to an increase in your attributes!
Increase (S)trength, (I)ntelligence, or (D)exterity?
You feel clever.
Your demonic ancestry asserts itself...
You feel resistant to cold.
Are you sure you want to abandon this character and quit the game? (Confirm

▒·▒▒·▒▒···▒▒ ▒·▒
▒·▒▒·▒·····▒ ▒·▒
▒▒▒▒▒·▒▒·▒▒···▒▒ ▒·▒
▒············▒▒
▒▒·▒▒▒▒▒
▒·▒▒▒▒▒▒▒▒▒▒·▒
▒······▒ ▒·▒
▒▒·▒▒▒·▒ ▒▒'▒▒ ▒▒▒
▒·▒ ▒▒···▒▒
▒▒▒▒·▒▒▒▒ ▒··@··▒
▒········ ▒·······▒
▒··▒·▒▒▒▒
▒·!·······▒▒▒▒·····▒
▒ ╬·········╬
·······▒ ▒
▒·········▒▒▒▒···▒·▒
▒ ▒▒····>··▒▒
▒··▒▒·▒▒▒ ▒▒·····▒▒
▒········ ▒▒···▒▒
▒▒▒▒▒·▒▒▒ ▒╬ ▒·▒


There were no monsters in sight!

Vanquished Creatures
  An adder (D:2)
  An ooze (D:1)
  2 dart slugs (D:1)
  A leopard gecko (D:2)
  2 giant cockroaches (D:1)
  A goblin (D:1)
  A hobgoblin (D:1)
  A quokka (D:2)
  2 bats
  3 kobolds
  4 rats
19 creatures vanquished.

Notes
Turn   | Place    | Note
-------+----------+-------------------------------------------
     0 | D:1      | Azzok the Demonspawn Fire Elementalist began the quest for
                  | the Orb.
     0 | D:1      | Reached XP level 1. HP: 13/13 MP: 3/3
     3 | D:1      | Noticed an electric eel
     3 | D:1      | Noticed an electric eel
   232 | D:1      | Reached skill level 3 in Fire Magic
   232 | D:1      | Gained mutation: You have sharp toenails. [demonic
                  | ancestry]
   232 | D:1      | Reached XP level 2. HP: 1/19 MP: 1/5
   735 | D:1      | You fall through a shaft!
   960 | D:2      | Gained mutation: Your flesh is cold resistant. (rC+)
                  | [demonic ancestry]
   960 | D:2      | Reached XP level 3. HP: 23/24 MP: 3/6
   961 | D:2      | Quit the game

Vault maps used:
D:1:      arrival_aquarium_b, nrook_campfire
D:2:      first_ration, minmay_split_cup_small

Skill      XL: |  1  2 |
---------------+-------+-----
Fire Magic     | 3 |  3.3
Conjurations   | 2 |  2.3
Dodging        | |  1.7
Stealth        | |  1.7
Spellcasting   | |  2.0

Action                   || total
-------------------------++-------
Melee: Spear             ||     7
 Cast: Flame Tongue      ||    29
Armor: Robe              ||     5
Dodge: Dodged            ||     9

Table legend:
 A = Non-vault XP
 B = Vault XP
 C = Vault XP percentage of total XP
 D = Non-vault monster count
 E = Vault monster count
 F = Vault count percentage of total count
                 A         B        C        D         E       F
            +---------+---------+-------+---------+---------+-------
      Total |      51 |       0 |   0.0 |      19 |       0 |   0.0
            +---------+---------+-------+---------+---------+-------
        D:1 |      28 |       0 |   0.0 |      12 |       0 |   0.0
        D:2 |      23 |       0 |   0.0 |       7 |       0 |   0.0
            +---------+---------+-------+---------+---------+-------
